 Dungeon Crawl Stone Soup version 0.28-a0-178-ga708605c5b (webtiles) character file.

Game seed: 11183008319523027913

77066 quinnr the Arsonist (level 15, -6/103 HPs)
             Began as an Octopode Fire Elementalist on Aug 17, 2021.
             Was a High Priest of Ashenzari.
             Shot with an arrow by a centaur warrior (28 damage)
             ... in a volcano on Aug 18, 2021.
             The game lasted 01:29:57 (41383 turns).

quinnr the Arsonist (Octopode Fire Elementalist)   Turns: 41383, Time: 01:29:58

Health: -6/103     AC:  5    Str:  8    XL:     15   Next: 55%
Magic:  23/29      EV: 22    Int: 24    God:    Ashenzari [*****.]
Gold:   1384       SH:  5    Dex: 18    Spells: 6/34 levels left

rFire   + + +      SeeInvis +   w - staff of fire (curse) {Self, Elem}
rCold   + . .      Faith    .   (no shield)
rNeg    + + .      Spirit   .   c - +0 hat of the Bound Loss {Fly rPois rF+ rN+, Cun, Range} (curse)
rPois   +          Reflect  +   I - amulet of Ashenzari's Stars {Reflect SH+5, Elem, Cun} (curse)
rElec   .          Harm     .   f - ring "At What Cost Knowledge?" {Dex+6, Comp, Range} (curse)
rCorr   +          Rampage  .   n - ring of the Prescient Ennui {rCorr, Comp, Fort} (curse)
Will    ++...      Clarity  +   g - ring "Eternal Paranoia" {AC+4, Elem, Alch} (curse)
Stlth   +++++.....              r - ring of the Celestial God {Will+, Range, Evo} (curse)
HPRegen 0.27/turn               F - ring of Ashenzari's Stars {rF+, Fort, Elem} (curse)
MPRegen 0.21/turn               L - ring of Supernal Wisdom {rC+, Melee, Elem} (curse)
                                R - ring of the Astral Seer {Fly, Cun, Range} (curse)
                                S - ring "Bound Sorrow" {rN+, Elem, Evo} (curse)

@: flying
A: almost no armour, amphibious, 8 rings, camouflage 1, gelatinous body 1,
(nimble swimmer 1), tentacles
a: Renounce Religion, Curse Item, Shatter the Chains


You were in a volcano.
You worshipped Ashenzari.
Ashenzari was extremely pleased with you.
You visited 4 branches of the dungeon, and saw 20 of its levels.
You also visited: Sewer, Ossuary and Volcano.

You collected 1384 gold pieces.

Inventory:

Hand Weapons
 p - a +2 short sword of speed
 t - a +1 falchion of electrocution
Armour
 c - the cursed +0 hat of the Bound Loss (worn) {Fly rPois rF+ rN+, Cun, Range}
   (You acquired it on level 4 of the Dungeon)

   rF:        It protects you from fire.
   rPois:     It protects you from poison.
   rN:        It protects you from negative energy.
   Fly:       It grants you flight.
   It has a curse which improves the following skills: Cunning: Dodging and
   Stealth.
   Ranged Combat: Slings, Bows, Crossbows and Throwing.
Magical Staves
 w - a cursed staff of fire (weapon) {Self, Elem}
 N - a staff of cold
Jewellery
 f - the cursed ring "At What Cost Knowledge?" (left tentacle) {Dex+6, Comp, Range}
   (You found it on level 1 of the Dungeon)

   [ring of dexterity]

   Dex:       It affects your dexterity (+6).
   It has a curse which improves the following skills: Companions: Summonings
   and Necromancy.
   Ranged Combat: Slings, Bows, Crossbows and Throwing.
 g - the cursed ring "Eternal Paranoia" (on tentacle) {AC+4, Elem, Alch}
   (You found it on level 1 of the Dungeon)

   [ring of protection]

   AC:        It affects your AC (+4).
   It has a curse which improves the following skills: Elements: Fire Magic, Ice
   Magic, Air Magic and Earth Magic.
   Alchemy:   Poison Magic and Transmutations.
 n - the cursed ring of the Prescient Ennui (right tentacle) {rCorr, Comp, Fort}
   (You found it on level 4 of the Dungeon)

   [ring of resist corrosion]

   rCorr:     It protects you from acid and corrosion.
   It has a curse which improves the following skills: Companions: Summonings
   and Necromancy.
   Fortitude: Shields.
 r - the cursed ring of the Celestial God (on tentacle) {Will+, Range, Evo}
   (You found it on level 5 of the Dungeon)

   [ring of willpower]

   Will:      It increases your willpower.
   It has a curse which improves the following skills: Ranged Combat: Slings,
   Bows, Crossbows and Throwing.
   Evocations: Evocations.
 F - the cursed ring of Ashenzari's Stars (on tentacle) {rF+, Fort, Elem}
   (You found it on level 9 of the Dungeon)

   [ring of protection from fire]

   rF:        It protects you from fire.
   It has a curse which improves the following skills: Fortitude: Shields.
   Elements:  Fire Magic, Ice Magic, Air Magic and Earth Magic.
 I - the cursed amulet of Ashenzari's Stars (around mantle) {Reflect SH+5, Elem, Cun}
   (You found it on level 10 of the Dungeon)

   [amulet of reflection]

   It reflects blocked missile attacks.
   SH:        It affects your SH (+5).
   It has a curse which improves the following skills: Elements: Fire Magic, Ice
   Magic, Air Magic and Earth Magic.
   Cunning:   Dodging and Stealth.
 L - the cursed ring of Supernal Wisdom (on tentacle) {rC+, Melee, Elem}
   (You found it on level 1 of the Lair of Beasts)

   [ring of protection from cold]

   rC:        It protects you from cold.
   It has a curse which improves the following skills: Melee Combat: Short
   Blades, Long Blades, Axes, Maces & Flails, Polearms, Staves and Unarmed
   Combat.
   Elements:  Fire Magic, Ice Magic, Air Magic and Earth Magic.
 R - the cursed ring of the Astral Seer (on tentacle) {Fly, Cun, Range}
   (You found it on level 2 of the Lair of Beasts)

   [ring of flight]

   Fly:       It grants you flight.
   It has a curse which improves the following skills: Cunning: Dodging and
   Stealth.
   Ranged Combat: Slings, Bows, Crossbows and Throwing.
 S - the cursed ring "Bound Sorrow" (on tentacle) {rN+, Elem, Evo}
   (You found it on level 3 of the Lair of Beasts)

   [ring of positive energy]

   rN:        It protects you from negative energy.
   It has a curse which improves the following skills: Elements: Fire Magic, Ice
   Magic, Air Magic and Earth Magic.
   Evocations: Evocations.
 W - a ring of positive energy
Wands
 G - a wand of flame (58)
 H - a wand of digging (6)
 J - a wand of charming (7)
 V - a wand of polymorph (4)
Scrolls
 b - 5 scrolls of noise
 i - a scroll of summoning
 k - 14 scrolls of teleportation
 l - 5 scrolls of enchant weapon
 q - 5 scrolls of silence
 u - 8 scrolls of enchant armour
 v - 11 scrolls of identify
 x - 5 scrolls of amnesia
 y - a scroll of fear
 z - 2 scrolls of immolation
 A - 2 scrolls of vulnerability
 B - 2 scrolls of brand weapon
 K - 3 scrolls of fog
 O - 5 scrolls of magic mapping
 P - 3 scrolls of blinking
Potions
 a - 4 potions of degeneration
 d - 10 potions of curing
 e - a potion of cancellation
 h - a potion of brilliance
 j - 5 potions of ambrosia
 m - 7 potions of flight
 o - 2 potions of mutation
 s - a potion of berserk rage
 C - 6 potions of lignification
 E - 2 potions of might
 M - a potion of invisibility
Miscellaneous
 D - a lightning rod (4/4)
 T - a piece from Xom's chessboard (15/15)
 U - a condenser vane (inert)


   Skills:
 - Level 7.3(10.0) Fighting
 + Level 9.2(14.2) Dodging
 - Level 4.4(9.3) Stealth
 - Level 1.4(4.0) Shields
 - Level 7.2(10.0) Spellcasting
 + Level 14.3 Conjurations
 + Level 7.3 Hexes
 + Level 4.2(8.0) Summonings
 + Level 4.4 Translocations
 - Level 2.7(5.0) Transmutations
 + Level 14.5(22.1) Fire Magic
 - Level 4.8(8.8) Evocations


You had 6 spell levels left.
You knew the following spells:

 Your Spells              Type           Power      Damage    Failure   Level
a - Foxfire               Conj/Fire      100%       2x1d9     0%          1
b - Conjure Flame         Conj/Fire      99%        6-21      0%          3
c - Fireball              Conj/Fire      49%        3d19      1%          5
d - Inner Flame           Hex/Fire       90%        N/A       1%          3
e - Call Canine Familiar  Summ           50%        N/A       1%          3
f - Blink                 Tloc           N/A        N/A       1%          2
g - Sticky Flame          Conj/Fire      99%        2d11      1%          4
h - Spellforged Servitor  Conj/Summ      30%        N/A       41%         7

Your spell library contained the following spells:

 Spells                   Type           Power      Damage    Failure   Level
 Apportation              Tloc           66%        N/A       1%          1
 Corona                   Hex            52%        N/A       1%          1
 Shock                    Conj/Air       100%       1d9       1%          1
 Summon Small Mammal      Summ           100%       N/A       1%          1
 Summon Guardian Golem    Hex/Summ       49%        N/A       1%          3
 Lesser Beckoning         Tloc           16%        N/A       2%          3
 Animate Skeleton         Necr           28%        N/A       4%          1
 Swiftness                Air            18%        N/A       10%         3
 Manifold Assault         Tloc           33%        N/A       24%         5
 Airstrike                Air            9%         N/A       30%         4
 Animate Dead             Necr           7%         N/A       38%         4
 Orb of Destruction       Conj           34%        9d12      13%         7
 Haunt                    Necr/Summ      16%        N/A       100%        7
 Infestation              Necr           7%         N/A       100%        8


Dungeon Overview and Level Annotations

Branches:
Dungeon (12/15)            Temple (1/1) D:7            Lair (6/6) D:9
  Swamp (0/4) Lair:4       Spider (0/4) Lair:2        Slime (0/5) Lair:6
    Orc (1/2) D:12          Sewer (visited)         Ossuary (visited)
Volcano (1/1)

Altars:
Ashenzari
Cheibriados
Dithmenos
Elyvilon
Fedhas
Gozag
Hepliaklqana
Kikubaaqudgha
Makhleb
Nemelex Xobeh
Okawaru
Qazlal
Ru
Sif Muna
Trog
Uskayaw
Vehumet
Wu Jian
Xom
Yredelemnul
Zin
The Shining One
Jiyva
Lugonu

Portals:
Abyss: Lair:6

Annotations:
Lair:6 1 runed translucent door


Innate Abilities, Weirdness & Mutations

You cannot wear most types of armour.
You are amphibious.
You can wear up to eight rings at the same time.
Your skin changes colour to match your surroundings (Stealth+).
Your rubbery body absorbs attacks. (AC +1, EV +1)
((You are camouflaged near water. (Stealth+)))
You have tentacles for arms and can constrict up to eight enemies at once.


Message History

The arrow burns your wolf.
The yaktaur shouts!
The centaur shouts!
Casting: Call Canine Familiar (safe; 1% risk of failure)
Confirm with . or Enter, or press ? or * to list all spells.
Aiming: Inner Flame (safe; 1% risk of failure)
Press: ? - help, Shift-Dir - straight line, f - wolf
Aim: a wolf (severely wounded, summoned, friendly, chance to affect: 99%)
You feel a surge of power!
Your wolf is filled with an inner flame.
The centaur warrior shoots an arrow.
The arrow hits your wolf!! The arrow burns your wolf.
Your wolf's corpse disappears in a puff of smoke!
Your wolf explodes!
The fiery explosion engulfs you. You resist.
The yaktaur shoots a bolt.
The bolt hits you!! What are your orders? t - Shout!
Orders for allies: a - Attack new target. r - Retreat! s - Stop attacking. g - Guard the area. f - Follow me.
Anything else - Cancel.
Okay, then.
Unknown command.
Unknown command.
Casting: Inner Flame (safe; 1% risk of failure)
Confirm with . or Enter, or press ? or * to list all spells.
Aiming: Inner Flame (safe; 1% risk of failure)
Press: ? - help, Shift-Dir - straight line, f - yaktaur
Aim: a yaktaur, wielding a +1 arbalest of flaming and quivering bolts (chance to affect: 94%)
You feel a surge of power!
The yaktaur is filled with an inner flame.
You are engulfed in blazing flames.
You resist.
The centaur warrior shoots an arrow.
The arrow hits you!! The arrow burns you.
The yaktaur shoots a bolt.
The bolt hits you!!
* * * LOW HITPOINT WARNING * * *
The bolt burns you.
* * * LOW HITPOINT WARNING * * *
The centaur shoots an arrow.
The arrow misses you.
The centaur warrior shoots an arrow.
The arrow hits you!!
You die...

≈§≈§§≈§○°°≈.≈≈≈≈≈≈≈≈≈≈≈≈§°§≈≈≈§≈§
§≈§§§≈≈°...............§§.≈≈≈≈§§≈
≈§≈§≈≈§.#################.≈≈§§≈≈≈
≈≈§≈§§..#....+.....+....#.≈§≈§≈≈§
≈≈≈§§§≈.#.∩c.#.8_8.#.d∩.#○○≈○☼○≈§
§≈§≈≈≈≈. , #.cccc#,,..#§§≈≈°≈☼○
§§≈≈§≈≈.## ###§###++###.§§○≈○≈≈
≈≈§≈§≈≈.#, ..#§#......#.§≈≈°≈≈≈
§≈≈§≈≈§.# * #.#@#.######.○≈§≈≈≈≈
≈§§§≈≈..#,∆∆∆#.#.#.#∆∆$.#.≈°°≈≈§§
≈≈≈§§≈§.# ∆∆∆#.#.#.#∆∆$.#.≈°§≈≈§§
§≈≈≈≈≈≈.# {∆∆#.#.#.#)$9.#.≈≈§§§§§
≈≈≈≈≈≈..# , ..#.#......#.≈§≈≈§≈≈
≈≈≈≈§§§.########'########.≈≈≈≈≈≈○
≈≈≈≈≈≈≈≈.........§§§.....§§≈§≈§§≈
§≈≈≈≈≈≈§≈§≈§≈≈≈≈§≈§≈≈§≈.≈§§§≈≈≈≈§
§≈≈§≈≈≈§.≈≈≈≈§≈≈≈§≈≈≈≈≈≈§§..≈≈≈≈≈


You could see a centaur warrior, a yaktaur (inner flame) and 2 centaurs.

Vanquished Creatures
  3 nameless horrors
  The ghost of pkoi the Grappler, a journeyman TrHu of Okawaru (D:10)
  2 boulder beetles
  Fannar (Lair:2)
  The ghost of Atlas the Grappler, a journeyman DrTm of Gozag (D:10)
  10 hydras
  A catoblepas (Lair:6)
  Erica (Lair:2)
  8 death yaks
  The ghost of lunkers the Thaumaturge, a novice DjEE of Makhleb (D:7)
  A two-headed ogre (D:9)
  A tengu warrior (D:10)
  2 thrashing horrors (Lair:6)
  Sonja (Orc:1)
  2 skeletal warriors (D:12)
  2 bog bodies (Lair:4)
  A lindwurm (Lair:4)
  2 oklob plants
  8 ugly things
  2 cyclopes (D:12)
  2 manticores
  12 elephants
  3 black mambas
  2 smoke demons (Lair:6)
  2 large abominations (Lair:6)
  18 cane toads
  4 rime drakes
  A kobold demonologist (D:11)
  A komodo dragon (Lair:5)
  An ancient zyme (Lair:6)
  A troll (D:10)
  3 meliai (Lair:4)
  2 polar bears (Lair:6)
  57 blink frogs
  A centaur simulacrum (D:12)
  2 spriggans (Lair:6)
  2 wraiths
  42 yaks
  2 ynoxinuls (Lair:6)
  A vampire (D:12)
  A fire bat (Volcano)
  7 wyverns
  6 basilisks
  2 vampire mosquitoes (D:12)
  3 steam dragons
  A chaos spawn (Lair:6)
  3 swamp worms (Lair:4)
  Duvessa (D:7)
  16 water moccasins
  7 orc warriors
  A black bear (D:6)
  4 ice beasts
  3 ogres
  3 centaurs
  2 necrophages (D:5)
  13 wolves
  A phantom (D:6)
  3 kobold brigands
  20 bullfrogs
  A water moccasin zombie (D:5)
  10 small abominations (Lair:6)
  A wyvern skeleton (D:7)
  4 scorpions
  2 water moccasin skeletons (D:5)
  Dowan (D:7)
  36 killer bees
  3 wights (D:10)
  2 howler monkeys (D:12)
  2 electric eels (Lair:4)
  6 centaur zombies
  A bullfrog zombie (D:6)
  A lava snake (Volcano)
  A hound (D:7)
  9 orc priests
  2 jellies
  Terence (D:2)
  Ijyb (D:3)
  Natasha (thrice) (D:3)
  5 iguanas
  7 orc wizards
  A hell rat (Lair:4)
  A mummy (Ossuary)
  2 howler monkey zombies
  3 gnolls (D:4)
  A howler monkey skeleton (D:4)
  11 adders
  2 river rats
  3 white imps
  An ufetubus (D:7)
  A worm (D:2)
  6 dart slugs
  37 orcs
  4 spectral bats (Ossuary)
  13 ball pythons
  7 bats
  8 endoplasms
  4 giant cockroaches
  12 gnoll zombies (Ossuary)
  4 goblins
  6 hobgoblins
  5 jackals
  4 quokkas
  2 bat simulacra (Ossuary)
  3 frilled lizards
  A goblin simulacrum (Ossuary)
  2 goblin zombies (Ossuary)
  6 hobgoblin zombies (Ossuary)
  14 kobolds
  4 kobold simulacra (Ossuary)
  5 kobold zombies (Ossuary)
  5 orc zombies (Ossuary)
  8 rats
  3 rat simulacra (Ossuary)
  2 rat zombies (D:8)
  6 spectral goblins (Ossuary)
  A spectral kobold (Ossuary)
  2 spectral rats (Ossuary)
  3 bushes
609 creatures vanquished.

Vanquished Creatures (collateral kills)
  4 two-headed ogres
  3 skeletal warriors (D:12)
  An elephant (Lair:6)
  A smoke demon (Lair:6)
  A nameless horror (D:12)
  A rime drake (Lair:4)
  2 komodo dragons
  2 blink frogs
  6 yaks
  A ynoxinul (Lair:6)
  A fire bat (Volcano)
  A basilisk (Lair:4)
  A water moccasin (Lair:1)
  A wolf (Lair:1)
  A small abomination (Lair:6)
  4 killer bees
  3 lava snakes (Volcano)
  A centaur zombie (D:9)
  Jessica (D:3)
  2 orcs (Orc:1)
  A kobold (D:9)
  22 foxfires
61 creatures vanquished.

Vanquished Creatures (others)
  A queen bee (Lair:4)
  A centaur (D:5)
  A hound (D:5)
  An adder (D:5)
  2 orcs (D:5)
  2460 foxfires
  88 fungi
  169 plants
2723 creatures vanquished.

Grand Total: 3393 creatures vanquished

Notes
Turn   | Place    | Note
-------+----------+-------------------------------------------
     0 | D:1      | quinnr the Octopode Fire Elementalist began the quest for
                  | the Orb.
     0 | D:1      | Reached XP level 1. HP: 11/11 MP: 3/3
   281 | D:1      | Reached XP level 2. HP: 17/17 MP: 1/5
   909 | D:1      | Reached XP level 3. HP: 21/21 MP: 3/6
  2290 | D:2      | Reached XP level 4. HP: 21/27 MP: 6/8
  2698 | D:2      | Noticed Terence
  2709 | D:2      | Learned a level 3 spell: Conjure Flame
  2718 | D:2      | Killed Terence
  3468 | D:3      | Noticed Jessica
  3490 | D:4      | Reached XP level 5. HP: 31/31 MP: 5/9
  3506 | D:4      | Found a glowing drain.
  3524 | Sewer    | Entered a sewer
  3689 | Sewer    | Noticed a kobold brigand
  3694 | Sewer    | Killed a kobold brigand
  3695 | Sewer    | Reached skill level 5 in Fire Magic
  3995 | Sewer    | Found a white marble altar of Elyvilon.
  4130 | D:4      | Learned a level 5 spell: Fireball
  4253 | D:4      | Reached XP level 6. HP: 37/37 MP: 4/10
  4347 | D:4      | Reached skill level 1 in Fighting
  4444 | D:4      | Identified the +2 leather armour of the Beggar {rN+ Slay+2
                  | Stlth+}
  4546 | D:5      | Entered Level 5 of the Dungeon
  5062 | D:4      | Found an iron altar of Okawaru.
  5177 | D:4      | Reached XP level 7. HP: 44/44 MP: 4/12
  5414 | D:4      | Found a broken altar of Ashenzari.
  5432 | D:4      | Became a worshipper of Ashenzari the Shackled
  5432 | D:4      | Identified a scroll of acquirement
  5743 | D:4      | quinnr: ??octopode
  5743 | D:4      | beem: octopode[1/6]: Player species which can equip 8
                  | rings, amulet, a shield, and a hat (no helmets), but no
                  | other armour. Wields items normally, and also has
                  | constricting tentacle attacks. Has {camouflage} for added
                  | stealth.
  5743 | D:4      | Acquired the +0 hat of Vezoh {Fly rPois rF+ rN+}
  5858 | D:5      | Found a shimmering altar of Xom.
  6156 | D:5      | Found a hide-covered altar of Uskayaw.
  6160 | D:5      | Upgraded the game from 0.28-a0-172-g787e458d71 to
                  | 0.28-a0-178-ga708605c5b
  6232 | D:5      | Reached XP level 8. HP: 51/51 MP: 7/14
  7377 | D:6      | Reached skill level 5 in Conjurations
  7425 | D:6      | Reached skill level 5 in Dodging
  8003 | D:6      | Reached XP level 9. HP: 47/58 MP: 9/15
  8453 | D:7      | Reached * piety under Ashenzari
  8698 | D:7      | Found a staircase to the Ecumenical Temple.
  8726 | Temple   | Entered the Ecumenical Temple
  8961 | D:7      | Identified the +10 whip of Xego {vorpal, rElec rC+ Str+2
                  | Int+3}
  9032 | D:7      | Found a large runed translucent door.
  9034 | D:7      | Found a large runed translucent door.
  9037 | D:7      | Noticed lunkers's ghost (novice DjEE)
  9423 | D:7      | Noticed Duvessa
  9423 | D:7      | Noticed Dowan
  9547 | D:7      | Killed Dowan
  9828 | D:8      | Found a sand-covered staircase.
  9835 | Ossuary  | Entered an ossuary
 10301 | Ossuary  | Learned a level 3 spell: Inner Flame
 11349 | D:8      | Reached ** piety under Ashenzari
 11939 | D:8      | Learned a level 3 spell: Call Canine Familiar
 11951 | D:8      | Noticed a cyan ugly thing
 11982 | D:8      | Killed a cyan ugly thing
 11983 | D:8      | Reached skill level 1 in Summonings
 11983 | D:8      | Reached skill level 1 in Evocations
 11983 | D:8      | Reached XP level 10. HP: 45/66 MP: 5/18
 13260 | D:9      | Noticed a two-headed ogre
 13454 | D:9      | Killed a two-headed ogre
 14070 | D:9      | Reached skill level 10 in Conjurations
 14166 | D:9      | Found a staircase to the Lair.
 14596 | D:9      | Found a snail-covered altar of Cheibriados.
 14596 | D:9      | Found a bloodstained altar of Trog.
 14945 | D:10     | Entered Level 10 of the Dungeon
 15116 | D:10     | Reached XP level 11. HP: 56/72 MP: 17/19
 15208 | D:10     | Found a runed translucent gate.
 15208 | D:10     | Found a runed translucent gate.
 15208 | D:10     | Found a runed translucent gate.
 15208 | D:10     | Noticed Atlas's ghost (journeyman DrTm)
 15209 | D:10     | Noticed pkoi's ghost (journeyman TrHu)
 15477 | D:10     | Reached *** piety under Ashenzari
 16048 | D:10     | Noticed a purple ugly thing
 16049 | D:10     | Noticed a cyan ugly thing
 16049 | D:10     | Noticed a tengu warrior
 16052 | D:10     | Identified the +2 ring mail of the Loofah {Contam Regen+
                  | Str+3}
 16266 | D:10     | Noticed a two-headed ogre
 16273 | D:10     | Killed a two-headed ogre
 16374 | D:10     | Killed a tengu warrior
 16379 | D:10     | Killed a purple ugly thing
 17078 | D:10     | Killed a cyan ugly thing
 17563 | D:3      | Killed Jessica
 17753 | D:3      | Noticed Natasha
 17757 | D:3      | Killed Natasha
 17781 | D:3      | Reached **** piety under Ashenzari
 17920 | D:3      | Noticed Natasha
 17923 | D:3      | Killed Natasha
 17924 | D:3      | Reached skill level 5 in Spellcasting
 18025 | D:3      | Noticed Ijyb
 18032 | D:3      | Killed Ijyb
 18154 | D:3      | Noticed Natasha
 18158 | D:3      | Killed Natasha
 18478 | D:7      | Killed Duvessa
 18619 | D:7      | Found a staircase to the Ecumenical Temple.
 18948 | D:7      | Killed lunkers's ghost
 19177 | Lair:1   | Entered Level 1 of the Lair of Beasts
 19273 | Lair:1   | Noticed a five-headed hydra
 19278 | Lair:1   | Killed a five-headed hydra
 19918 | Lair:1   | Reached skill level 10 in Fire Magic
 19924 | Lair:1   | Reached XP level 12. HP: 70/80 MP: 11/24
 20166 | Lair:1   | Noticed a seven-headed hydra
 20175 | Lair:1   | Killed a seven-headed hydra
 20468 | Lair:1   | Found a stormy altar of Qazlal.
 20892 | Lair:2   | Reached ***** piety under Ashenzari
 20893 | Lair:2   | Found a hole to the Spider Nest.
 20893 | Lair:2   | Noticed Erica
 20897 | Lair:2   | Noticed a six-headed hydra
 20899 | Lair:2   | Killed Erica
 21003 | Lair:2   | Killed a six-headed hydra
 22130 | Lair:2   | Noticed a five-headed hydra
 22138 | Lair:2   | Killed a five-headed hydra
 22543 | Lair:2   | Found a hide-covered altar of Uskayaw.
 22546 | Lair:2   | Found an ornate altar of the Wu Jian Council.
 22546 | Lair:2   | Noticed a boulder beetle
 22555 | Lair:2   | Killed a boulder beetle
 22568 | Lair:2   | Noticed a six-headed hydra
 22757 | Lair:2   | Noticed Fannar
 22768 | Lair:2   | Killed Fannar
 23024 | Lair:1   | Reached XP level 13. HP: 71/85 MP: 22/25
 23100 | Lair:2   | Found a bloodstained altar of Trog.
 23751 | Lair:3   | Learned a level 2 spell: Blink
 24369 | Lair:4   | Reached skill level 1 in Transmutations
 25239 | Lair:4   | Found a blossoming altar of Fedhas.
 25924 | Lair:4   | Reached skill level 1 in Hexes
 27383 | Lair:4   | Found a staircase to the Swamp.
 28002 | Lair:4   | Identified the +2 helmet "Xatoapt" {rPois}
 28398 | Lair:5   | Reached XP level 14. HP: 90/90 MP: 1/26
 29717 | Lair:5   | Reached skill level 5 in Hexes
 30901 | Lair:5   | Reached skill level 5 in Fighting
 31319 | Lair:6   | Entered Level 6 of the Lair of Beasts
 32773 | Lair:6   | Found a staircase to the Slime Pits.
 33393 | Lair:6   | Found a runed translucent door.
 33410 | Lair:6   | Learned a level 4 spell: Sticky Flame
 33574 | Lair:6   | Found a viscous altar of Jiyva.
 34009 | Lair:6   | Reached skill level 1 in Translocations
 34292 | Lair:6   | Found the +8 demon blade "Leech" {vamp, *Rage +Rage rN+}
 34735 | Lair:6   | Reached XP level 15. HP: 91/103 MP: 10/29
 35830 | Lair:6   | Found a corrupted altar of Lugonu.
 35831 | Lair:6   | Found a one-way gate to the infinite horrors of the Abyss.
 36417 | D:10     | Killed pkoi's ghost
 36426 | D:10     | Killed Atlas's ghost
 36629 | D:10     | Learned a level 7 spell: Spellforged Servitor
 37835 | D:12     | Reached skill level 1 in Shields
 38494 | D:12     | Found a staircase to the Orcish Mines.
 38900 | D:12     | HP: 2/103 [skeletal warrior[a skeletal warrior] (18)]
 40251 | Orc:1    | Entered Level 1 of the Orcish Mines
 40403 | Orc:1    | Noticed Sonja
 40541 | Orc:1    | Killed Sonja
 40645 | Orc:1    | Found a dark tunnel.
 40654 | Volcano  | Entered a volcano
 41273 | Volcano  | Found a bloodstained altar of Trog.
 41383 | Volcano  | Shot with an arrow by a centaur warrior

Illustrated notes

Levels and vault maps discovered:
D:1:      dpeg_arrival_shelter, layout_basic, minmay_statues_item,
          minmay_pentomino_w2
D:2:      layout_basic, uniq_terence
D:3:      layout_rooms, uniq_ijyb, uniq_natasha, uniq_jessica
D:4:      layout_loops_cross, amcnicky_altar_gilded,
          mainiacjoe_overflow_cross_hatched, portal_sewer_entry_a,
          minmay_checkerbox
D:5:      layout_rooms, nicolae_uskayaw_dance_hall, xom_confusion_cloud
D:6:      layout_basic
D:7:      minmay_general_purpose_star, layout_rooms, minmay_temple_entry_waves,
          ebering_ghost_disaster_area, uniq_duvessa
D:8:      layout_loops_ring, enter_ossuary_4
D:9:      layout_rooms, gammafunk_temple_overflow_elements,
          minmay_lair_entry_grove
D:10:     layout_cave_pods, gammafunk_ghost_cemetery, nrook_mini_backslash,
          grunt_tough_drop
D:11:     layout_basic
D:12:     layout_irregular_city, orc_0_dummy
Temple:   nicolae_temple_elliptical
Lair:1:   layout_cave_pods, serial_forest, infiniplex_forest_clump_double,
          infiniplex_forest_clump_long, infiniplex_forest_straight_3,
          infiniplex_forest_straight_3, infiniplex_forest_lined_4_way,
          infiniplex_forest_clump_curved, basic_altar,
          grunt_forest_small_clearings
Lair:2:   layout_loops_ring, dummy_spider_entry, basic_altar,
          nzn_masters_of_martial_movement, uniq_fannar, uniq_erica
Lair:3:   layout_cave_pods, infiniplex_staircase_pool, grunt_megastairs_2
Lair:4:   regret_index_wax_grids, layout_cave_pods,
          nicolae_swamp_entry_splash_gauntlet, nicolae_quartered_pool_super,
          tgw_fedhas, infiniplex_staircase_pool_2
Lair:5:   layout_cave_pods
Lair:6:   hellmonk_lair_end_abyssal_woods, layout_misc_corridors, slime_altar_2,
          eino_small_chamber_without_monster
Orc:1:    layout_diamond_mine, nicolae_volcano_entry_vermiform,
          minmay_orc_barracks, uniq_sonja
Volcano:  volcano_lake [vl_original]

Skill      XL: |  1  2  3  4  5  6  7  8  9 10 11 12 13 14 15 |
---------------+----------------------------------------------+-----
Spellcasting   | 3 4 5 7 |  7.2
Fire Magic     | 4 5 6 7 8 10 12 13 14 | 14.5
Conjurations   | 3 5 8 10 11 13 14 | 14.3
Stealth        | 3 4 |  4.4
Fighting       | 1 2 4 7 |  7.3
Dodging        | 4 5 6 8 9 |  9.2
Summonings     | 1 3 4 |  4.2
Evocations     | 1 3 4 |  4.8
Transmutations | 2 |  2.7
Hexes          | 3 6 7 |  7.3
Translocations | 1 4 |  4.4
Shields        | 1 |  1.4

Action                   |  1- 3 |  4- 6 |  7- 9 | 10-12 | 13-15 || total
-------------------------+-------+-------+-------+-------+-------++-------
Melee: Unarmed           |     6 |    25 |    14 |       |       ||    45
       Constrict         |     2 |     8 |     6 |     7 |    26 ||    49
       Tentacles         |     2 |     8 |    11 |    13 |    22 ||    56
       Staff             |       |       |    18 |    63 |   161 ||   242
 Cast: Foxfire           |    95 |   150 |   449 |   328 |   443 ||  1465
       Conjure Flame     |       |     5 |     8 |     2 |       ||    15
       Call Canine Famil |       |       |     2 |    51 |   114 ||   167
       Fireball          |       |       |     2 |    47 |    70 ||   119
       Inner Flame       |       |       |       |    44 |   179 ||   223
       Blink             |       |       |       |       |     4 ||     4
       Spellforged Servi |       |       |       |       |    12 ||    12
       Sticky Flame      |       |       |       |       |     7 ||     7
Invok: Curse Item        |       |       |     4 |     5 |     2 ||    11
Evoke: Wand              |       |       |     6 |     7 |    19 ||    32
       Condenser vane    |       |       |       |       |     2 ||     2
       Piece from Xom's  |       |       |       |       |     3 ||     3
  Use: Scroll            |       |     2 |     2 |       |     3 ||     7
       Potion            |       |       |     1 |     2 |     3 ||     6
 Stab: Sleeping          |       |     1 |       |       |     1 ||     2
       Distracted        |       |       |       |     2 |     1 ||     3
Armor: Skin              |     3 |     4 |    44 |    52 |    48 ||   151
Dodge: Dodged            |    19 |    22 |   168 |   188 |   419 ||   816
Block: Other             |       |       |       |    17 |    97 ||   114
       Reflection        |       |       |       |       |     1 ||     1

Table legend: (Time is in decaauts)
 A = Elapsed time spent in this place.
 B = Non-inter-level travel time spent in this place.
 C = Inter-level travel time spent in this place.
 D = Time resting spent in this place.
 E = Time spent auto-exploring this place.
 F = Levels seen in this place.
 G = Mean time per level.
                   A        B        C        D        E       F      G
               +--------+--------+--------+--------+--------+-----+--------+
         Total |  41499 |  39631 |   1868 |  12787 |  20559 |  23 | 1804.3 |
       Dungeon |  21798 |  20712 |   1086 |   4235 |  13354 |  12 | 1816.5 |
        Temple |    173 |    116 |     57 |      0 |    115 |   1 |  173.0 |
          Lair |  16966 |  16242 |    724 |   7837 |   5921 |   6 | 2827.7 |
  Orcish Mines |    138 |    138 |      0 |     63 |      0 |   1 |  138.0 |
         Sewer |    512 |    512 |      0 |    279 |    129 |   1 |  512.0 |
       Ossuary |   1178 |   1178 |      0 |    274 |    587 |   1 | 1178.0 |
       Volcano |    731 |    731 |      0 |     99 |    453 |   1 |  731.0 |
               +--------+--------+--------+--------+--------+-----+--------+

Top non-repeatable levels by time:
  Lair:4: 4955 daAuts
  Lair:5: 3475 daAuts
  Lair:6: 2582 daAuts
  Lair:1: 2521 daAuts
    D:10: 2410 daAuts
     D:8: 2291 daAuts
    D:12: 2181 daAuts
     D:9: 2178 daAuts
     D:7: 1980 daAuts
  Lair:3: 1913 daAuts
     D:4: 1877 daAuts
    D:11: 1681 daAuts
     D:1: 1596 daAuts
     D:2: 1564 daAuts
  Lair:2: 1518 daAuts
